 Dungeon Crawl Stone Soup version 0.31.0-32-g396128a36d (webtiles) character file.

Game seed: 2401109097425175036

301 Curundu the Chopper (level 6, 0/82 HPs)
             Began as a Minotaur Berserker on Mar 20, 2024.
             Was a Believer of Trog.
             Succumbed to a gnoll bouda's poison
             ... on level 4 of the Dungeon.
             The game lasted 00:06:08 (2899 turns).

Curundu the Chopper (Minotaur Berserker)            Turns: 2899, Time: 00:06:08

Health: 0/82       AC:  3    Str: 26    XL:     6   Next: 14%
Magic:  5/5        EV: 12    Int:  4    God:    Trog [**....]
Gold:   235        SH:  0    Dex:  9    Spells: 5/5 levels left

rFire   . . .        q - +8 trident of Junoasaa {distort, rElec rPois Str+2}
rCold   . . .        (no shield)
rNeg    . . .        b - +0 animal skin
rPois   +            (helmet restricted)
rElec   +            (no cloak)
rCorr   .            v - +0 pair of gloves
SInv    .            (no boots)
Will    .....        i - amulet of the acrobat Stlth
                     (no ring)
HPRegen 0.33/turn    (no ring)
MPRegen 0.09/turn

%: acrobat
@: berserking, lethally poisoned (0 -> -14), weakened, very quick
A: horns 2, retaliatory headbutt
a: Renounce Religion, Berserk, Trog's Hand


You were on level 4 of the Dungeon.
You worshipped Trog.
Trog was pleased with you.
You visited 1 branch of the dungeon, and saw 4 of its levels.

You collected 235 gold pieces.

Inventory:

Hand Weapons
 g - a +0 war axe
 q - the +8 trident of Junoasaa (weapon) {distort, rElec rPois Str+2}
   (You found it on level 2 of the Dungeon)

   Str+2:     It affects your strength (+2).
   rElec:     It insulates you from electricity.
   rPois:     It protects you from poison
Armour
 b - a +0 animal skin (worn)
 v - a +0 pair of gloves (worn)
Jewellery
 i - an amulet of the acrobat (around neck)
 l - an amulet of magic regeneration
Scrolls
 h - 2 scrolls of enchant weapon {unknown}
 m - a scroll of amnesia {unknown}
 n - 2 scrolls of enchant armour {unknown}
 o - a scroll of immolation {unknown}
 p - a scroll of identify {unknown}
 r - a scroll of fog {unknown}
 s - a scroll of torment {unknown}
 t - a scroll of fear {unknown}
 u - a scroll of poison {unknown}
Potions
 a - a potion of ambrosia {unknown}
 c - 2 potions of haste {unknown}
 d - 3 potions of curing {unknown}
 e - a potion of mutation {unknown}
 f - a potion of enlightenment {unknown}
 j - a potion of cancellation {unknown}
 k - 2 potions of berserk rage {unknown}
 w - a potion of attraction {unknown}


   Skills:
 + Level 4.8 Fighting
 + Level 5.5(5.9) Axes
 + Level 3.1(4.7) Polearms
 + Level 2.7 Armour
 + Level 3.3 Dodging
 + Level 1.5 Stealth


You had 5 spell levels left.
You didn't know any spells.
Your spell library was empty.

Dungeon Overview and Level Annotations

Branches:
Dungeon (4/15)
 Temple: D:4-7

Altars:
Nemelex Xobeh
Sif Muna
Wu Jian

Shops:
D:4 ?


Innate Abilities, Weirdness & Mutations

You have a pair of horns on your head.
You reflexively headbutt those who attack you in melee.


Message History

Trog accepts your kill. The gnoll misses you.
The gnoll bouda barely misses you.
You see here a +0 flail.
You hit the gnoll.
The gnoll is lightly wounded.
The gnoll barely misses you. The gnoll hits you with a +0 spear.
The gnoll barely misses you.
The gnoll bouda gazes fiercely through you!
You feel your attacks grow feeble.
The gnoll bouda hits you with a +1 whip of venom!
You are poisoned.
You puncture the gnoll!
The gnoll is devoured by a tear in reality.
You feel very sick. The gnoll closely misses you.
The gnoll hits you with a +0 whip! The gnoll bouda barely misses you.
Your life force feels restored.
You feel very sick. The gnoll closely misses you. The gnoll misses you.
The gnoll bouda hits you with a +1 whip of venom.
You are lethally poisoned!
You barely miss the gnoll bouda. You headbutt the gnoll bouda!
The gnoll bouda is moderately wounded.
* * * LOW HITPOINT WARNING * * *
You feel very sick. The gnoll hits you with a +0 spear.
* * * LOW HITPOINT WARNING * * *
The gnoll hits you but does no damage. The gnoll bouda closely misses you.
You furiously retaliate!
You headbutt the gnoll bouda.
A red film seems to cover your vision as you go berserk!
You feel yourself moving faster!
You feel mighty!
* * * LOW HITPOINT WARNING * * *
You feel very sick. The gnoll hits you with a +0 spear!
* * * LOW HITPOINT WARNING * * *
The gnoll misses you. The gnoll bouda misses you. You furiously retaliate!
You headbutt the gnoll bouda. You barely miss the gnoll bouda.
The gnoll bouda is heavily wounded.
You die...

#......###...#.#.#
####......###.#...#.#
#.........†.#.#..##.#
#......∩(...#.#.....#
#......)......##.#######
#...........####..# #..
#......)....# ##.## #..
#...$.g)....# #..###..
#....lg@....# ##..##..
......g§....# ##..#..
#...........# ##.#..
~...........# #....
§~....!.....# ##...
§~~#.######## #####..
~§§#. #...... §§ #.
#.....) #......


You could see a gnoll bouda, an iguana and 2 gnolls.

Vanquished Creatures
  A kobold brigand (D:4)
  An orc priest (D:4)
  A jelly (D:4)
  2 iguanas (D:4)
  3 adders
  3 gnolls (D:4)
  4 orcs
  5 bats
  3 endoplasms
  6 giant cockroaches
  7 hobgoblins
  5 ball pythons
  3 frilled lizards
  5 goblins
  2 kobolds
  2 rats
53 creatures vanquished.

Notes
Turn   | Place    | Note
-------+----------+-------------------------------------------
     0 | D:1      | Curundu the Minotaur Berserker began the quest for the Orb.
     0 | D:1      | Reached XP level 1. HP: 19/19 MP: 0/0
   312 | D:1      | Reached skill level 4 in Axes
   481 | D:1      | Reached XP level 2. HP: 27/27 MP: 1/1
  1224 | D:2      | Reached XP level 3. HP: 32/33 MP: 2/2
  1234 | D:2      | Identified the +8 trident of Junoasaa {distort, rElec rPois
                  | Str+2}
  1574 | D:2      | Found a faded altar of an unknown god.
  1868 | D:3      | Found a sparkling altar of Nemelex Xobeh.
  2351 | D:4      | Found a shimmering blue altar of Sif Muna.
  2351 | D:4      | Found an ornate altar of the Wu Jian Council.
  2388 | D:4      | Noticed a kobold brigand
  2395 | D:4      | Reached XP level 4. HP: 32/40 MP: 3/3
  2395 | D:4      | Reached ** piety under Trog
  2398 | D:4      | Reached skill level 5 in Axes
  2398 | D:4      | HP: 2/61 [gnoll/+0 spear (4)]
  2399 | D:4      | Killed a kobold brigand
  2400 | D:4      | Reached skill level 1 in Polearms
  2400 | D:4      | Reached XP level 5. HP: 3/47 MP: 4/4
  2403 | D:4      | Reached skill level 1 in Stealth
  2858 | D:4      | Found Tolecec's Magic Scroll Boutique.
  2886 | D:4      | Reached XP level 6. HP: 49/55 MP: 5/5
  2898 | D:4      | HP: 2/82 [gnoll/+0 spear[a gnoll bouda] (7)]
  2899 | D:4      | Succumbed to a gnoll bouda's poison

Illustrated notes

Levels and vault maps discovered:
D:1:      elethiomel_arrival_infinity_welcomes_careful_drivers,
          layout_loops_corners, chequers_serial_rivers_micro_b, kennysheep_boxes
D:2:      layout_loops_cross, chequers_ecumenical_altar_simple
D:3:      layout_basic, nicolae_overflow_crystal_walls,
          kennysheep_generic_room_8
D:4:      layout_basic, jmf_multi_god_temple, minmay_temple_entry_mist,
          serial_shops, shop

Skill      XL: |  1  2  3  4  5 |
---------------+----------------+-----
Axes           | 4 5 |  5.5
Fighting       | 4 |  4.8
Polearms       | 1 3 |  3.1
Dodging        | 3 |  3.3
Stealth        | 1 |  1.5
Armour         | |  2.7

Action                     |  1- 3 |  4- 6 || total
---------------------------+-------+-------++-------
  Melee: Hand axe          |    11 |       ||    11
         War axe           |    30 |       ||    30
         Headbutt          |     4 |     3 ||     7
         Trident           |    24 |    24 ||    48
 Invoke: Berserk           |       |     2 ||     2
   Stab: Sleeping          |       |     1 ||     1
 Armour: Animal skin       |    30 |    21 ||    51
  Dodge: Dodged            |    66 |    24 ||    90
